 Dungeon Crawl Stone Soup version 0.14.0-24-gfb45beb (webtiles) character file.

133 Chiseanne the Skirmisher (level 4, 0/34 HPs)
             Began as an Octopode Wanderer on Apr 24, 2014.
             Slain by a gnoll
             ... wielding a +0,+0 flail
              (7 damage)
             ... on Level 2 of the Dungeon.
             The game lasted 00:04:04 (2066 turns).

Chiseanne the Skirmisher (Octopode Wanderer)        Turns: 2066, Time: 00:04:04

HP   0/34        AC  1     Str 10      XL: 4   Next: 14%
MP   4/4         EV 11     Int 17      God:
Gold 68          SH  0     Dex 10      Spells:  0 memorised,  4 levels left

rFire  . . .     SeeInvis .     e - +1,+2 short sword (venom)
rCold  . . .     Clarity  .     (no shield)
rNeg   . . .     Conserve .     (helmet restricted)
rPois  .         rCorr    .     (no amulet)
rElec  .         rRot     .     b - ring of teleport control
SustAb . .       Spirit   .     (no ring)
rMut   .         Warding  .     (no ring)
Saprov . . .     Stasis   .     (no ring)
MR     .....                    (no ring)
                                (no ring)
                                (no ring)
                                (no ring)

@: lethally poisoned, not resistant to hostile enchantments, stealthy
A: almost no armour, amphibious, 8 rings, constrict 8, camouflage 1, gelatinous
body 1
a: Evoke Teleport Control


You were on level 2 of the Dungeon.
You were not hungry.

You visited 1 branch of the dungeon, and saw 2 of its levels.

You collected 68 gold pieces.

Inventory:

Hand weapons
 a - a +2,+1 quarterstaff
 e - a +1,+2 short sword of venom (weapon)
Comestibles
 c - 2 bread rations
 d - an apricot
 h - an apple
 k - a meat ration
Scrolls
 f - a scroll of remove curse {unknown}
 g - a scroll of recharging
 j - 2 scrolls of fog {unknown}
Jewellery
 b - a ring of teleport control (left tentacle)


   Skills:
 * Level 4.8 Fighting
 * Level 1.0 Short Blades
 - Level 3.2 Staves
   Level 1.0 Bows
 * Level 0.6 Dodging
 * Level 1.3 Stealth
   Level 1.0 Shields
 * Level 0.8 Spellcasting
   Level 1.0 Invocations


You had 4 spell levels left.
You didn't know any spells.

Dungeon Overview and Level Annotations

Branches:
Dungeon (2/15)

Altars:
Nemelex Xobeh


Innate Abilities, Weirdness & Mutations

You cannot wear most types of armour.
You are amphibious.
You can wear up to eight rings at the same time.
You can use your tentacles to constrict many enemies at once.
Your skin changes colour to match your surroundings (Stlth).
Your rubbery body absorbs attacks (AC +1).


Message History

The gnoll is moderately wounded.
You constrict the gnoll, but do no damage.
You constrict the gnoll. x2
You feel sick. The gnoll misses you. The gnoll closely misses you.
The gnoll hits you from afar with a spear of venom!
* * * LOW HITPOINT WARNING * * *
You are more poisoned.
The gnoll closely misses you.
A giant newt comes into view.
You hit the gnoll.
The gnoll is poisoned.
You squeeze the gnoll!
The gnoll is almost dead.
You constrict the gnoll. x2
You kill the gnoll!
You have reached level 4!
You constrict the gnoll.
* * * LOW HITPOINT WARNING * * *
You feel very sick. The gnoll completely misses you. The bat misses you.
The gnoll barely misses you. The gnoll hits you with a flail!
You die...

... #......# .......#
#.....<## #.l....<#
#.#.....# #.......#
#<#.....# ###.......#
#)#.....# ..........#
#.....(.# #...g...#
#.#.....# #...bgg.#
#.#>....# #@# #.#.....#
#.# #.#.....#
########.######.#.....#
........[....(..#..####
########.######.#..# #.#
#.#..# #.# #%#..# #.#
#.#..#
############.######.#..#
##


You could see 3 gnolls, a bat and a giant newt.

Vanquished Creatures
  A gnoll (D:2)
  An adder (D:2)
  A worm (D:2)
  2 giant geckos (D:2)
  An ooze (D:2)
  A ball python (D:1)
  3 bats
  2 giant cockroaches
  4 hobgoblins
  4 kobolds
  3 giant newts (D:1)
  6 goblins
  4 jackals (D:2)
  8 rats
41 creatures vanquished.

Notes
Turn   | Place    | Note
--------------------------------------------------------------
     0 | D:1      | Chiseanne, the Octopode Wanderer, began the quest for the Orb.
     0 | D:1      | Reached XP level 1. HP: 17/17 MP: 1/1
   676 | D:1      | Reached XP level 2. HP: 22/22 MP: 2/2
  1251 | D:1      | Reached skill level 1 in Stealth
  1386 | D:2      | Reached XP level 3. HP: 11/27 MP: 3/3
  1635 | D:2      | Found a sparkling altar of Nemelex Xobeh.
  1966 | D:2      | Reached skill level 1 in Short Blades
  2066 | D:2      | Reached XP level 4. HP: 9/34 MP: 4/4
  2066 | D:2      | Slain by a gnoll

Action                   |  1- 3 |  4- 6 || total
-------------------------+-------+-------++-------
Melee: Quarterstaff      |    31 |       ||    31
       Short sword       |    53 |       ||    53
  Use: Potion            |     2 |       ||     2
       Scroll            |     2 |       ||     2
 Stab: Sleeping          |     3 |       ||     3
